 Dungeon Crawl Stone Soup version 0.20.1-1-g8b1a95d (webtiles) character file.

5576 lorenzova the Thaumaturge (level 10, -8/50 HPs)
             Began as a Deep Elf Conjurer on Oct 24, 2017.
             Was a Believer of Vehumet.
             Killed by the air
             ... invoked by Gastronok
              (35 damage)
             ... on level 8 of the Dungeon.
             The game lasted 00:19:48 (10936 turns).

lorenzova the Thaumaturge (Deep Elf Conjurer)      Turns: 10936, Time: 00:19:49

Health: -8/50      AC:  2    Str:  5    XL:     10   Next: 44%
Magic:  13/29      EV: 13    Int: 24    God:    Vehumet [**....]
Gold:   483        SH:  3    Dex: 15    Spells: 24/35 levels left

rFire    . . .     SeeInvis .   D - +1 dagger (elec)
rCold    . . .     Gourm    .   (no shield)
rNeg     . . .     Faith    .   a - +0 robe
rPois    +         Spirit   .   (no helmet)
rElec    .         Reflect  +   (no cloak)
rCorr    .         Harm     .   (no gloves)
MR       +....                  (no boots)
Stlth    ++........             x - +3 amulet of reflection
Regen    0.2/turn               p - ring of poison resistance
MPRegen  0.3/turn               (no ring)

@: slowed, very slow
A: no striking features
a: Renounce Religion


You were on level 8 of the Dungeon.
You worshipped Vehumet.
Vehumet was pleased with you.
You were not hungry.

You visited 2 branches of the dungeon, and saw 11 of its levels.

You collected 483 gold pieces.

Inventory:

Hand Weapons
 h - a +1 dagger of speed
 D - a +1 dagger of electrocution (weapon)
Armour
 a - a +0 robe (worn)
Jewellery
 p - a ring of poison resistance (left hand)
 q - an uncursed ring of ice
 x - a +3 amulet of reflection (around neck)
 C - an uncursed amulet of faith
Wands
 y - a wand of random effects (25/48)
 A - a wand of digging (23/24)
Scrolls
 e - 5 scrolls of teleportation
 g - a scroll of recharging
 k - a scroll of random uselessness
 n - a scroll of remove curse
 o - a scroll of noise {unknown}
 s - 2 scrolls of fog {unknown}
 t - a scroll of enchant armour {unknown}
 v - 3 scrolls of blinking {unknown}
 w - a scroll of magic mapping {unknown}
 B - a scroll of immolation {unknown}
Potions
 d - a potion of lignification
 f - a potion of resistance
 i - 2 potions of might
 j - a potion of brilliance
 l - 2 potions of mutation
 m - 3 potions of agility
 u - 2 potions of berserk rage
Books
 b - a book of Conjurations

   Spells                             Type                      Level
   a - Magic Dart                     Conjuration                  1
   b - Searing Ray                    Conjuration                  2
   c - Dazzling Spray                 Conjuration/Hexes            3
   d - Fulminant Prism                Conjuration/Hexes            4
   e - Force Lance                    Conjuration/Translocation    4
   f - Iskenderun's Mystic Blast      Conjuration                  4
Comestibles
 c - 7 bread rations
 r - 3 royal jellies
 z - a meat ration


   Skills:
 - Level 2.4 Dodging
 - Level 2.4 Stealth
 * Level 13.1 Spellcasting
 * Level 11.7 Conjurations
 + Level 8.1 Hexes


You had 24 spell levels left.
You knew the following spells:

 Your Spells              Type           Power        Failure   Level  Hunger
a - Magic Dart            Conj           ####         1%          1    None
b - Searing Ray           Conj           ######       1%          2    None
c - Iskenderun's Mystic   Conj           ######..     1%          4    None
d - Fulminant Prism       Conj/Hex       ######....   1%          4    None


Dungeon Overview and Level Annotations

Branches:
Dungeon (10/15)            Temple (1/1) D:5
   Lair: D:8-11         Orc: D:9-12

Altars:
Ashenzari
Cheibriados
Dithmenos
Elyvilon
Fedhas
Gozag
Hepliaklqana
Kikubaaqudgha
Makhleb
Nemelex Xobeh
Okawaru
Qazlal
Ru
Sif Muna
Trog
Uskayaw
Vehumet
Xom
Yredelemnul
Zin
The Shining One

Annotations:
D:8 Gastronok


Message History

Aiming: Fulminant Prism
Press: ? - help, Dir - move target cursor You conjure a prism of explosive energy!
Your fulminant prism crackles loudly.
Your fulminant prism explodes!
The blast of energy engulfs Gastronok.
Gastronok is heavily wounded.
Gastronok waves his eye-stalks in wide circles.
The air twists around and strikes you!
Casting: Fulminant Prism
Confirm with . or Enter, or press ? or * to list all spells.
Aiming: Iskenderun's Mystic Blast
Press: ? - help, Shift-Dir - straight line, f - Gastronok
Aim: Gastronok, wearing a runed hat (heavily wounded)
The orb of energy hits Gastronok.
Gastronok is severely wounded.
Gastronok waves his eye-stalks in wide circles.
The air twists around and strikes you!
Ouch! That really hurt!
You die...

##..)))..[.........(.....(.###.
###.[#....######.........##..#
## .....###### #......>..#####
.....# #.........########
.....# #.................
.....#### #.>.....†.########
........###### #.........#
.....##...w..###.........#
.....#######....@.########
.....# ######..### .....#
##...############ ######
###............. ##############


You could see Gastronok.

Vanquished Creatures
  2 two-headed ogres (D:8)
  Pikel (D:6)
  Grinder (D:4)
  2 hippogriffs
  A water moccasin (D:8)
  Duvessa (D:4)
  2 slaves (D:6)
  2 sky beasts
  3 phantoms
  2 black bears (D:6)
  3 ogres
  An ice beast (D:7)
  4 centaurs
  2 bullfrogs (D:8)
  Dowan (D:4)
  A wyvern skeleton (D:4)
  2 scorpions
  A water moccasin skeleton (D:8)
  2 killer bees (D:9)
  A howler monkey (D:6)
  5 wights (D:8)
  5 crimson imps
  2 jellies
  4 hounds
  4 orc priests
  A bullfrog skeleton (D:8)
  A centaur skeleton (D:9)
  4 orc wizards
  An iguana (D:5)
  6 worker ants
  A hound skeleton (D:7)
  10 adders
  7 gnolls
  A white imp (D:5)
  An adder skeleton (D:5)
  4 worms
  2 dart slugs
  3 leopard geckos
  17 orcs
  6 bats
  7 giant cockroaches
  6 goblins
  7 hobgoblins
  12 jackals
  8 kobolds
  7 quokkas
  A ball python (D:4)
  5 frilled lizards
  A jackal skeleton (D:5)
  A leopard gecko skeleton (D:4)
  6 rats
181 creatures vanquished.

Vanquished Creatures (others)
  23 fulminant prisms
23 creatures vanquished.

Grand Total: 204 creatures vanquished

Notes
Turn   | Place    | Note
-------+----------+-------------------------------------------
     0 | D:1      | lorenzova the Deep Elf Conjurer began the quest for the Orb.
     0 | D:1      | Reached XP level 1. HP: 10/10 MP: 6/6
     6 | D:1      | Noticed a polar bear
     7 | D:1      | Noticed a swamp drake
   597 | D:1      | Reached XP level 2. HP: 15/15 MP: 5/8
   601 | D:1      | Learned a level 2 spell: Searing Ray
  1116 | D:2      | Reached skill level 4 in Spellcasting
  1324 | D:2      | Reached XP level 3. HP: 19/19 MP: 4/10
  1602 | D:3      | Reached skill level 5 in Conjurations
  2212 | D:3      | Reached XP level 4. HP: 24/24 MP: 10/12
  2255 | D:3      | Learned a level 4 spell: Iskenderun's Mystic Blast
  2272 | D:3      | Reached skill level 5 in Spellcasting
  3041 | D:4      | Noticed Grinder
  3055 | D:4      | Paralysed by Grinder for 6 turns
  3077 | D:4      | Killed Grinder
  3077 | D:4      | Reached skill level 6 in Spellcasting
  3077 | D:4      | Reached XP level 5. HP: 21/28 MP: 0/16
  3077 | D:4      | Reached XP level 6. HP: 24/32 MP: 0/17
  3160 | D:4      | Learned a level 4 spell: Fulminant Prism
  3415 | D:4      | Reached skill level 1 in Hexes
  3416 | D:4      | Reached skill level 7 in Spellcasting
  3845 | D:4      | Noticed a sky beast
  3893 | D:4      | Noticed Duvessa
  3900 | D:4      | Killed a sky beast
  3900 | D:4      | Reached XP level 7. HP: 36/36 MP: 7/19
  4012 | D:4      | Noticed Dowan
  4013 | D:4      | Killed Duvessa
  4134 | D:4      | Killed Dowan
  4510 | D:5      | Entered Level 5 of the Dungeon
  4534 | D:5      | Reached skill level 8 in Spellcasting
  4711 | D:5      | Found a staircase to the Ecumenical Temple.
  4723 | Temple   | Entered the Ecumenical Temple
  4828 | Temple   | Became a worshipper of Vehumet
  5498 | D:5      | Reached XP level 8. HP: 40/41 MP: 14/22
  5514 | D:5      | Reached skill level 9 in Spellcasting
  6975 | D:6      | Noticed Pikel
  6982 | D:6      | Killed Pikel
  6982 | D:6      | Reached skill level 10 in Spellcasting
  6982 | D:6      | Reached skill level 5 in Hexes
  7074 | D:6      | Reached XP level 9. HP: 45/45 MP: 19/25
  7094 | D:6      | Reached * piety under Vehumet
  7094 | D:6      | Offered knowledge of Flame Tongue by Vehumet.
  8046 | D:7      | Reached skill level 11 in Spellcasting
  8079 | D:7      | Reached skill level 10 in Conjurations
  8261 | D:7      | You fall through a shaft for 3 floors!
  8261 | D:10     | Entered Level 10 of the Dungeon
  8885 | D:8      | Noticed a two-headed ogre
  8890 | D:8      | Killed a two-headed ogre
  8890 | D:8      | Reached skill level 12 in Spellcasting
  9002 | D:8      | Offered knowledge of Throw Flame by Vehumet.
  9002 | D:8      | Reached ** piety under Vehumet
  9361 | D:7      | Reached XP level 10. HP: 42/50 MP: 15/28
  9693 | D:8      | Noticed a two-headed ogre
  9710 | D:8      | Killed a two-headed ogre
  9719 | D:8      | Noticed Gastronok
 10480 | D:8      | Reached skill level 13 in Spellcasting
 10936 | D:8      | Killed from afar by Gastronok

Skill      XL: |  1  2  3  4  5  6  7  8  9 10 |
---------------+-------------------------------+-----
Spellcasting   | 4 6 7 8 10 12 13 | 13.1
Conjurations   | 5 6 7 8 9 11 | 11.7
Hexes          | 2 3 5 7 8 |  8.1
Dodging        | |  2.4
Stealth        | |  2.4

Action                   |  1- 3 |  4- 6 |  7- 9 | 10-12 || total
-------------------------+-------+-------+-------+-------++-------
Melee: Dagger            |       |     2 |    22 |     1 ||    25
 Cast: Magic Dart        |    96 |    57 |   146 |    25 ||   324
       Searing Ray       |       |     7 |     5 |     2 ||    14
       Iskenderun's Myst |       |     2 |    55 |    36 ||    93
       Fulminant Prism   |       |     1 |    13 |     9 ||    23
  Use: Scroll            |       |       |    11 |     3 ||    14
  Eat: Chunk             |     4 |     4 |    12 |     2 ||    22
       Royal jelly       |       |       |     1 |       ||     1
       Meat ration       |       |       |     1 |     1 ||     2
Armor: Robe              |     4 |     1 |     2 |       ||     7
Dodge: Dodged            |     8 |    12 |    18 |     7 ||    45
Block: Other             |       |       |     6 |     2 ||     8
       Reflection        |       |       |     2 |       ||     2
